 Dungeon Crawl Stone Soup version 0.20.1-1-g8b1a95d (webtiles) character file.

44 tidbits the Skirmisher (level 3, 6/31 HPs)
             Began as a Demigod Wanderer on Aug 22, 2017.
             Quit the game on level 4 of the Dungeon.
             The game lasted 00:04:48 (530 turns).

tidbits the Skirmisher (Demigod Wanderer)            Turns: 530, Time: 00:04:48

Health: 6/31       AC:  4    Str: 15    XL:     3   Next: 22%
Magic:  6/6        EV: 10    Int: 18    God:
Gold:   91         SH:  0    Dex: 15    Spells: 2/2 levels left

rFire    . . .     SeeInvis .   a - +0 quarterstaff
rCold    . . .     Gourm    .   (shield currently unavailable)
rNeg     . . .     Faith    .   e - +1 scale mail
rPois    .         Spirit   .   (no helmet)
rElec    .         Reflect  .   (no cloak)
rCorr    .         Harm     .   (no gloves)
MR       .....                  (no boots)
Stlth    ..........             (no amulet)
Regen    0.1/turn               g - -3 ring of protection (curse)
MPRegen  0.1/turn               (no ring)

@: quite poisoned (6 -> 3)
A: high mp 1
a: no special abilities


You were on level 4 of the Dungeon.
You were not hungry.

You visited 1 branch of the dungeon, and saw 4 of its levels.

You collected 91 gold pieces.

Inventory:

Hand Weapons
 a - a +0 quarterstaff (weapon)
 b - a +0 hand axe
 i - a +0 long sword
Armour
 d - a +0 robe
 e - a +1 scale mail (worn)
Jewellery
 g - a cursed -3 ring of protection (left hand)
   (You found it on level 1 of the Dungeon)
Wands
 c - a wand of flame (42/48)
Scrolls
 h - 2 scrolls of identify
Comestibles
 f - 2 bread rations
 j - a fruit


   Skills:
 + Level 3.4 Fighting
 - Level 1.0 Staves
   Level 1.7 Bows
 - Level 1.0 Armour
 + Level 1.8 Dodging
 - Level 1.0 Stealth
   Level 1.0 Shields
 - Level 1.0 Evocations


You had 2 spell levels left.
You didn't know any spells.

Dungeon Overview and Level Annotations

Branches:
Dungeon (4/15)
 Temple: D:4-7


Innate Abilities, Weirdness & Mutations

You have an increased reservoir of magic. (+10% MP)


Message History

You hit the hobgoblin but do no damage.
The hobgoblin is moderately wounded.
The hobgoblin hits you.
* * * LOW HITPOINT WARNING * * *
The hobgoblin hits you.
* * * LOW HITPOINT WARNING * * *
You hit the hobgoblin.
The hobgoblin is almost dead.
The hobgoblin barely misses you.
You thump the hobgoblin!
You kill the hobgoblin!
You see here a club.
A kobold comes into view.
The kobold shouts!
Found a long sword.
You hit the kobold but do no damage. The kobold closely misses you.
You miss the kobold. The kobold closely misses you.
The kobold barely misses you.
You closely miss the kobold. The kobold closely misses you.
You hit the kobold but do no damage. The kobold hits you.
* * * LOW HITPOINT WARNING * * *
You hit the kobold.
You kill the kobold!
You see here a kobold corpse.
You see here a long sword.
i - a long sword
Found a stone staircase leading up.
There is a stone staircase leading up here.
All of the chunks of flesh in your inventory have rotted away.
Found a fruit.
Found a stone staircase leading down.
A goblin comes into view.
Found a scroll of identify.
You see here a fruit.
You see here a fruit.
j - a fruit You barely miss the goblin.
The goblin completely misses you.
You barely miss the goblin. The goblin completely misses you.
You barely miss the goblin. The goblin hits you but does no damage.
You hit the goblin.
The goblin is severely wounded.
The goblin closely misses you.
You thump the goblin!
You kill the goblin!
You see here a goblin corpse.
h - 2 scrolls of identify (gained 1)
There is a stone staircase leading down here.
You climb downwards.
Found an escape hatch in the ceiling.
There is a stone staircase leading up here.
There is an escape hatch in the ceiling here.
A mysterious force pulls you upwards. The hatch slams shut behind you.
There is a stone staircase leading down here.
You climb downwards.
There is a stone staircase leading up here.
There is an escape hatch in the ceiling here.
Found a chain mail.
Found a wooden wand.
An orc comes into view.
An adder and a gnoll come into view.
The gnoll shouts!
A leopard gecko, 2 gnolls and a skeleton come into view.
Unknown command.
Evoke which item? (* to show all) (? for menu, Esc to quit)
Aiming: Throw Flame
Press: ? - help, Shift-Dir - straight line, f - adder
Aim: an adder The puff of flame misses the adder.
This wand has 45 charges left.
The adder bites you.
* * * LOW HITPOINT WARNING * * *
You are poisoned.
The adder poisons you!
Evoke which item? (* to show all) (? for menu, Esc to quit)
Aiming: Throw Flame
Press: ? - help, Shift-Dir - straight line, f/p - adder
Aim: an adder The puff of flame hits the adder.
The adder is moderately wounded.
This wand has 44 charges left.
You feel sick. The adder bites you but does no damage.
Evoke which item? (* to show all) (? for menu, Esc to quit)
Aiming: Throw Flame
Press: ? - help, Shift-Dir - straight line, f - gnoll, p - adder
Aim: a gnoll, wielding a spear The puff of flame misses the adder.
The puff of flame hits the orc.
The orc is almost dead.
This wand has 43 charges left.
The adder bites you.
* * * LOW HITPOINT WARNING * * *
The adder bites you but does no damage.
Evoke which item? (* to show all) (? for menu, Esc to quit)
Aiming: Throw Flame
Press: ? - help, Shift-Dir - straight line, f/p - gnoll
Aim: a gnoll, wielding a spear The puff of flame misses the adder.
The puff of flame hits the orc.
You kill the orc!
This wand has 42 charges left.
You feel sick. The adder bites you but does no damage.
You aren't carrying any potions.
Unknown command.
Are you sure you want to abandon this character and quit the game? (Confirm with "yes".)

#.#/#
######.#[#
.........#
.........#
.Z.......#
lg.g.....#
g......#g#
.....#S#S#
...# #.#@#
.. ..#.###
. ###.<<#
#####


You could see a gnoll and an adder.

Vanquished Creatures
  An adder (D:2)
  A dart slug (D:1)
  A leopard gecko (D:2)
  An orc (D:4)
  A ball python (D:2)
  5 giant cockroaches (D:2)
  3 goblins
  4 hobgoblins
  4 bats (D:2)
  A frilled lizard (D:1)
  2 kobolds
  5 rats
29 creatures vanquished.

Notes
Turn   | Place    | Note
-------+----------+-------------------------------------------
     0 | D:1      | tidbits the Demigod Wanderer began the quest for the Orb.
     0 | D:1      | tidbits set off with: a wand of flame (15/48), a +0 hand axe, a +0 quarterstaff, a +0 robe, a bread ration
     0 | D:1      | Reached XP level 1. HP: 18/18 MP: 3/3
   132 | D:1      | Reached skill level 1 in Dodging
   133 | D:1      | You fall through a shaft!
   142 | D:2      | Reached XP level 2. HP: 25/25 MP: 5/5
   143 | D:2      | Reached skill level 3 in Fighting
   202 | D:2      | Found a hide-covered altar of Uskayaw.
   205 | D:2      | Found an opulent altar of Gozag.
   208 | D:2      | Found a radiant altar of Vehumet.
   354 | D:2      | Reached XP level 3. HP: 7/31 MP: 6/6
   425 | D:3      | HP: 3/31 [hobgoblin (2)]
   441 | D:3      | HP: 3/31 [kobold (2)]
   530 | D:4      | Quit the game

Skill      XL: |  1  2 |
---------------+-------+-----
Dodging        | 1 |  1.8
Fighting       | 3 |  3.4
Staves         | |  1.0
Bows           | |  1.7
Armour         | |  1.0
Stealth        | |  1.0
Shields        | |  1.0
Evocations     | |  1.0

Action                   || total
-------------------------++-------
Melee: Quarterstaff      ||    80
Evoke: Wand              ||     4
  Use: Scroll            ||     4
Armor: Scale mail        ||    25
Dodge: Dodged            ||    50

Table legend:
 A = Turns spent in this place as a percentage of turns spent in the entire game.
 B = Non-inter-level travel turns spent in this place as a percentage of non-inter-level travel turns spent in the entire game.
 C = Inter-level travel turns spent in this place as a percentage of turns spent in this place.
 D = Turns resting spent in this place as a percentage of non-inter-level travel turns spent in this place.
 E = Turns spent auto-exploring this place as a percentage of non-inter-level travel turns spent in this place.
 F = Non-inter-level travel turns spent in this place divided by the number of levels of this place that you've seen.
                   A       B       C       D       E      F
               +-------+-------+-------+-------+-------+----------------------
         Total | 100.0 | 100.0 |   0.2 |   0.0 |   0.0 | 124.5
       Dungeon | 100.0 | 100.0 |   0.2 |   0.0 |   0.0 | 124.5
               +-------+-------+-------+-------+-------+----------------------

Table legend:
 A = Kills in this place as a percentage of kills in entire the game.
 B = Kills by you in this place as a percentage of kills by you in the entire game.
 C = Kills by friends in this place as a percentage of kills by friends in the entire game.
 D = Other kills in this place as a percentage of other kills in the entire game.
 E = Experience gained in this place as a percentage of experience gained in the entire game.
 F = Experience gained in this place divided by the number of levels of this place that you have seen.
                   A       B       C       D       E      F
               +-------+-------+-------+-------+-------+----------------------
         Total | 100.0 | 100.0 |  -nan |  -nan | 100.0 |  15.8
       Dungeon | 100.0 | 100.0 |  -nan |  -nan | 100.0 |  15.8
               +-------+-------+-------+-------+-------+----------------------

Vault maps used:
D:1:      moated_graveyard_arrival
D:2:      grunt_temple_overflow_diamond, first_bread
D:3:      cheibriados_altar_1, uniq_terence
D:4:      minmay_temple_entry_hall, serial_shops, shop
